 Dungeon Crawl Stone Soup version 0.15-b1-129-g6fffc38 (webtiles) character file.

53 JacquesDerrida the Vandal (level 3, -6/26 HPs)
             Began as a Demonspawn Hunter on Aug 27, 2014.
             Killed by divine providence
             ... invoked by an orc priest
              (16 damage)
             ... on Level 3 of the Dungeon.
             The game lasted 00:02:43 (1298 turns).

JacquesDerrida the Vandal (Demonspawn Hunter)       Turns: 1298, Time: 00:02:44

HP  -6/26        AC  5     Str 12      XL: 3   Next: 62%
MP   3/3         EV 11     Int 13      God:
Gold 110         SH  0     Dex 13      Spells:  0 memorised,  2 levels left

rFire  . . .     SeeInvis .     b - +1 hunting sling
rCold  . . .     Clarity  .     d - +0 leather armour
rNeg   . . .     rCorr    .     (no shield)
rPois  .         rRot     .     (no helmet)
rElec  .         Spirit   .     (no cloak)
SustAb .         Warding  .     (no gloves)
rMut   .         Stasis   .     (no boots)
Gourm  .                        (no amulet)
MR     .....                    (no ring)
                                (no ring)

@: not resistant to hostile enchantments, very unstealthy
A: slimy green scales 1, demonic guardian 1
a: no special abilities


You were on level 3 of the Dungeon.
You were hungry.

You visited 1 branch of the dungeon, and saw 3 of its levels.

You collected 110 gold pieces.

Inventory:

Hand weapons
 a - a +0 short sword
 b - a +1 hunting sling (weapon)
Missiles
 c - 13 sling bullets
 e - 125 stones (quivered)
Armour
 d - a +0 leather armour (worn)
Comestibles
 f - 3 bread rations
 o - 4 fruits
 t - a slice of pizza
 v - a meat ration
Scrolls
 g - 2 scrolls of identify {unknown}
 h - a scroll of remove curse {unknown}
 i - 2 scrolls of noise {unknown}
 m - 2 scrolls of random uselessness {unknown}
 p - a scroll of magic mapping {unknown}
 q - a scroll of immolation {unknown}
Jewellery
 r - a cursed amulet of inaccuracy {unknown}
Potions
 j - 2 potions of curing
 k - a potion of degeneration {unknown}
 l - 2 potions of heal wounds {unknown}
 n - 3 potions of porridge
 s - a potion of brilliance {unknown}
 u - a potion of restore abilities {unknown}


   Skills:
 - Level 1.0 Fighting
 - Level 3.6 Slings
 - Level 1.7 Dodging
 - Level 0.8 Stealth
 + Level 3.0 Unarmed Combat


You had 2 spell levels left.
You didn't know any spells.

Dungeon Overview and Level Annotations

Branches:
Dungeon (3/15)

Altars:
Fedhas


Innate Abilities, Weirdness & Mutations

You are partially covered in slimy green scales (AC +2).
A weak demonic guardian rushes to your aid.


Message History

The stone closely misses the orc priest.
The bat hits you.
The orc priest hits you but does no damage.
Firing (i - inventory. (,) - cycle):
e - 127 stones (quivered)
Press: ? - help, Shift-Dir - straight line, f/p - orc priest
Aim: an orc priest, wielding a short sword (moderately wounded)
You shoot a stone. The stone hits the orc priest.
The orc priest is heavily wounded.
The bat hits you. The bat hits you but does no damage.
The orc priest hits you but does no damage.
Firing (i - inventory. (,) - cycle):
e - 126 stones (quivered)
Press: ? - help, Shift-Dir - straight line, f/p - orc priest
Aim: an orc priest, wielding a short sword (heavily wounded)
You shoot a stone. The stone hits the orc priest.
The orc priest is severely wounded.
The bat hits you but does no damage. x2
The orc priest calls down the wrath of Beogh upon you.
Something smites you!
Ouch! That really hurt!
You die...

#.# #<# #.#
#.########
#........#
####.######.#
#....# ####.#
#@#
#%..bo.(.(.#
#.##.####.(#
# ... ###


You could see an orc priest and a bat.

Vanquished Creatures
  An adder (D:2)
  A worm (D:2)
  2 ball pythons
  2 hobgoblins (D:2)
  4 jackals (D:1)
  3 bats
  3 giant cockroaches
  2 giant geckos (D:1)
  10 goblins
  5 kobolds
  A quokka (D:3)
  6 rats
40 creatures vanquished.

Vanquished Creatures (others)
  A white imp (D:3)
1 creature vanquished.

Grand Total: 41 creatures vanquished

Notes
Turn   | Place    | Note
--------------------------------------------------------------
     0 | D:1      | JacquesDerrida, the Demonspawn Hunter, began the quest for the Orb.
     0 | D:1      | Reached XP level 1. HP: 15/15 MP: 1/1
   121 | D:1      | Reached skill level 1 in Unarmed Combat
   200 | D:1      | Gained mutation: A weak demonic guardian rushes to your aid. [demonic ancestry]
   200 | D:1      | Reached XP level 2. HP: 9/21 MP: 2/2
   653 | D:2      | Gained mutation: You are partially covered in slimy green scales (AC +2). [demonic ancestry]
   653 | D:2      | Reached XP level 3. HP: 16/26 MP: 3/3
   841 | D:2      | Found a blossoming altar of Fedhas.
  1298 | D:3      | Killed from afar by an orc priest

Action                   || total
-------------------------++-------
 Fire: Hunting sling     ||   140
  Use: Potion            ||     1
